 Dungeon Crawl Stone Soup version 0.31.0-32-g396128a36d (webtiles) character file.

Game seed: 7029693798439293927

29147 PaiMei the Dealer of Despair (level 13, -6/159 HPs)
             Began as a Demonspawn Necromancer on Mar 14, 2024.
             Was an Elder of Kikubaaqudgha.
             Mangled by a minotaur
             ... wielding the +5 halberd of Suyces {elec, rElec}
              (21 damage)
             ... in a Gauntlet.
             The game lasted 00:36:53 (22270 turns).

PaiMei the Dealer of Despair (DsNe)                Turns: 22270, Time: 00:36:54

Health: -6/159     AC: 30    Str:  6    XL:     13   Next: 13%
Magic:  27/27      EV:  2    Int: 21    God:    Kikubaaqudgha [****..]
Gold:   902        SH:  0    Dex: 14    Spells: 12/33 levels left

rFire   . . .        I - +4 scimitar (flame)
rCold   . . .        (no shield)
rNeg    . . .        D - melded +2 leather armour {rF+}
rPois   +            (helmet currently unavailable)
rElec   .            m - melded +0 cloak
rCorr   .            X - melded +2 pair of gloves
SInv    .            c - melded +2 pair of boots
Will    +....        h - amulet of magic regeneration
Stlth   +            V - +4 ring of slaying
HPRegen 0.46/turn    C - +4 ring of protection
MPRegen 0.60/turn

%: no teleportation
@: confused, brilliant, tree-form, ambrosia-drunk, enlightened, studying Short
Blades
A: stationary, stasis, torment immunity, boosted hp, (claws 2), (hooves 1),
(horns 1), demonic guardian 2, ignite blood 1, (iridescent scales 1), weak 1, no
potion heal 1
a: Renounce Religion, Unearth Wretches


You were in a Gauntlet.
You worshipped Kikubaaqudgha.
Kikubaaqudgha was greatly pleased with you.
You were a tree.
You visited 3 branches of the dungeon, and saw 15 of its levels.
You also visited: Gauntlet.

You collected 902 gold pieces.

Inventory:

Hand Weapons
 n - a +5 great mace of venom
 o - a +3 dagger of venom
 I - a +4 scimitar of flaming (weapon)
Missiles
 p - a throwing net (quivered)
 B - 20 poisoned darts
Armour
 c - a +2 pair of boots (melded)
 i - a +0 kite shield
 m - a +0 cloak (melded)
 D - a +2 leather armour of fire resistance (melded)
 X - a +2 pair of gloves (melded)
Magical Staves
 K - a staff of death
 L - the staff of Riluse {rPois Conj}
   (You found it in a Gauntlet)

   [staff of conjuration]

   Base accuracy: +5 Base damage: 5 Base attack delay: 1.2 This weapon's minimum
   attack delay (0.6) is reached at skill level 12.
   rPois:     It protects you from poison Conj: It increases the power of your
   Conjurations spells.
   It falls into the 'Staves' category.
   It is a one-handed weapon.
Jewellery
 h - an amulet of magic regeneration (around neck)
 s - a ring of wizardry
 u - an amulet of faith
 y - a ring of protection from cold
 C - a +4 ring of protection (right branch)
 E - a ring of willpower
 M - an amulet of reflection
 O - a ring of willpower
 Q - a +5 ring of evasion
 U - an amulet of regeneration
 V - a +4 ring of slaying (left branch)
Wands
 a - a wand of paralysis (19)
 l - a wand of flame (23)
 z - a wand of polymorph (24)
Scrolls
 e - 5 scrolls of fog {unknown}
 g - 5 scrolls of vulnerability
 k - 8 scrolls of teleportation
 q - 4 scrolls of immolation
 v - 6 scrolls of silence
 w - 6 scrolls of blinking
 A - a scroll of poison {unknown}
 G - 3 scrolls of noise {unknown}
 J - a scroll of torment {unknown}
 N - a scroll of brand weapon {unknown}
 R - a scroll of revelation {unknown}
 W - a scroll of fear {unknown}
Potions
 b - a potion of magic
 d - 2 potions of mutation
 f - a potion of might {unknown}
 j - a potion of invisibility {unknown}
 r - 8 potions of curing
 t - 3 potions of lignification
 x - a potion of enlightenment
 F - a potion of cancellation {unknown}
 H - 2 potions of ambrosia
 P - a potion of brilliance
 S - a potion of resistance {unknown}
 T - a potion of attraction {unknown}


   Skills:
 + Level 11.3 Fighting
 - Level 10.2 Dodging
 - Level 2.0 Stealth
 + Level 2.6 Shields
 + Level 10.7 Spellcasting
 + Level 13.1 Necromancy


You had 12 spell levels left.
You knew the following spells:

 Your Spells              Type           Power      Damage    Failure   Level
a - Necrotise             Necr           100%       1d9       1%          1
b - Vampiric Draining     Necr           79%        2d11      1%          3
c - Animate Dead          Necr           79%        N/A       1%          4
d - Curse of Agony        Necr           79%        N/A       1%          5
e - Anguish               Hex/Necr       27%        N/A       4%          4
f - Martyr's Knell        Necr/Summ      55%        N/A       4%          4

Your spell library contained the following spells:

 Spells                   Type           Power      Damage    Failure   Level
 Kiss of Death            Conj/Necr      100%       2d13      1%          1
 Death Channel            Necr           39%        N/A       4%          6
 Foxfire                  Conj/Fire      64%        2x1d7     6%          1
 Magic Dart               Conj           64%        1d6       6%          1
 Sting                    Conj/Alch      64%        1d7       6%          1
 Summon Small Mammal      Summ           64%        N/A       6%          1
 Blink                    Tloc           32%        N/A       9%          2
 Call Imp                 Summ           32%        N/A       9%          2
 Mercury Vapours          Alch/Air       32%        N/A       9%          2
 Call Canine Familiar     Summ           16%        N/A       19%         3
 Mephitic Cloud           Conj/Alch/Air  16%        N/A       19%         3
 Volatile Blastmotes      Fire/Tloc      32%        2d12      19%         3
 Animate Armour           Summ/Erth      32%        N/A       52%         4
 Fulminant Prism          Conj/Alch      8%         3d7       52%         4
 Ignite Poison            Fire/Alch      16%        N/A       52%         4
 Iskenderun's Mystic Bla  Conj/Tloc      16%        2d5       52%         4
 Olgreb's Toxic Radiance  Alch           16%        N/A       52%         4
 Sticky Flame             Fire/Alch      16%        2d5       52%         4
 Summon Blazeheart Golem  Fire/Summ      16%        N/A       52%         4
 Summon Lightning Spire   Summ/Air       16%        N/A       52%         4
 Freezing Cloud           Conj/Ice/Air   8%         6-21      86%         5
 Lee's Rapid Deconstruct  Erth           8%         3d7*      86%         5
 Plasma Beam              Fire/Air       8%         2x1d18    100%        6
 Starburst                Conj/Fire      8%         6d4       100%        6
 Ignition                 Fire           8%         3d5       100%        8


Dungeon Overview and Level Annotations

Branches:
Dungeon (9/15)             Temple (1/1) D:4            Lair (5/5) D:8
  Swamp (0/4) Lair:3        Snake (0/4) Lair:3      Gauntlet (1/1)
  Slime: Lair:4-5       Orc: D:9-12

Altars:
Ashenzari
Cheibriados
Dithmenos
Fedhas
Gozag
Kikubaaqudgha
Makhleb
Nemelex Xobeh
Okawaru
Qazlal
Ru
Sif Muna
Trog
Uskayaw
Vehumet
Wu Jian
Xom
Yredelemnul

Shops:
D:1 [   D:2 (   D:6 (

Annotations:
Gauntlet 12 transporters, exclusion: orange crystal statue


Innate Abilities, Weirdness & Mutations

You are a tree.
Your roots penetrate the ground, keeping you stationary.
You cannot be teleported.
You are immune to unholy pain and torment.
Your maximum health is greatly increased.
Your equipment is partially melded.
((You have very sharp fingernails.))
((You have large cloven feet.))
((You have a pair of small horns on your head.))
A demonic guardian rushes to your aid.
Your demonic aura sometimes causes spilled blood to erupt in flames.
((You are partially covered in iridescent scales. (AC +2)))
You are weak. (Str -2)
Potions are less effective at restoring your health.


Message History

The minotaur throws a silver javelin.
The silver javelin barely misses you.
Your orange demon stings the minotaur from afar!
Okay, then.
Okay, then.
Unknown command.
It was a potion of mutation.
You feel extremely strange.
You feel weaker.
Iridescent scales grow over part of your body.
Your system partially rejects the healing effects of potions.
The minotaur misses you.
Your orange demon stings the minotaur from afar.
It was a potion of lignification.
You turn into a tree.
Your +0 cloak melds into your body.
Your +2 pair of gloves melds into your body.
Your +2 pair of boots melds into your body.
Your +2 leather armour of fire resistance melds into your body.
You feel less resistant to fire.
Your roots penetrate the ground.
The minotaur hits you from afar with the +5 halberd of Suyces {elec, rElec}!
* * * LOW HITPOINT WARNING * * *
Your orange demon stings the minotaur but does no damage.
It was a potion of ambrosia.
You are confused.
Your system partially rejects the healing.
You feel invigorated.
Your orange demon stings the minotaur from afar.
The minotaur looks as sick as possible!
Your orange demon poisons the minotaur!
The minotaur throws a silver javelin.
The silver javelin pierces through you but does no damage.
The silver sears you!
* * * LOW HITPOINT WARNING * * *
It was a potion of enlightenment.
Your roots keep you in place.
Your orange demon stings the minotaur but does no damage.
The minotaur hits you from afar with the +5 halberd of Suyces {elec, rElec}!
* * * LOW HITPOINT WARNING * * *
It was a potion of brilliance.
You feel clever all of a sudden.
Your orange demon closely misses the minotaur.
The minotaur hits you from afar with the +5 halberd of Suyces {elec, rElec}!!
You die...
Kikubaaqudgha rasps: "You have failed me!
Welcome... death!"

.#.#...#8#...#.#.###...#☼#.#s....
3#.#..}.©![..#.#hRE.©)[..#.#s.!=©
##.###########.###########.######
..........................)......
.............≈∩≈.................
#################################
# #8##≈...............≈##8# #8# #
# ####8..©.©.©4©.©.©..8#### ### #
#≈.........♣.....≈#
#########H#########
#.............# #.###########H#
#.# #.# #.# #.# #.##H#


You could see a minotaur (extremely poisoned, ally target), an efreet, a fire
elemental, a hell hound and a friendly orange demon (summoned).

Vanquished Creatures
  2 hydras
  A boulder beetle (Lair:1)
  A centaur warrior (D:9)
  A two-headed ogre (D:6)
  2 death yaks (Lair:2)
  A skyshark (Lair:5)
  A cyclops (D:9)
  A salamander (Lair:3)
  4 black mambas
  A torpor snail (Lair:4)
  5 cane toads
  5 komodo dragons
  2 burning bushes (Lair:2)
  A hornet (D:8)
  Grinder (D:4)
  3 polar bears
  4 dream sheep (Lair:3)
  6 blink frogs
  2 wyverns
  A shadow (Gauntlet)
  3 basilisks
  A fire elemental (Lair:1)
  19 yaks
  2 steam dragons
  A swamp worm (Lair:3)
  2 nagas (Lair:3)
  13 water moccasins
  An acid dragon (D:8)
  2 hell hounds (Gauntlet)
  2 ice beasts
  3 orc warriors
  A black bear (D:7)
  A centaur (D:8)
  4 wolves
  3 kobold brigands
  15 bullfrogs
  10 killer bees
  An electric eel (Lair:1)
  2 hounds
  2 bombardier beetles (D:5)
  Crazy Yiuf (D:2)
  4 orc priests
  3 iguanas
  Ijyb (D:4)
  7 orc wizards
  A hell rat (Lair:5)
  A mummy (D:6)
  Robin (D:2)
  12 gnolls (D:5)
  4 adders
  A river rat (Lair:5)
  A shadow imp (D:7)
  2 white imps
  4 ribbon worms
  A dart slug (D:3)
  32 orcs
  11 endoplasms
  4 giant cockroaches
  8 goblins
  17 hobgoblins
  6 jackals
  3 quokkas
  4 ball pythons
  2 bats
  3 frilled lizards (D:2)
  3 hobgoblin zombies (D:6)
  39 kobolds
  An orc zombie (D:6)
  5 rats
315 creatures vanquished.

Vanquished Creatures (collateral kills)
  4 hydras
  A death yak (Lair:2)
  2 cane toads
  A rime drake (Lair:1)
  An efreet (D:8)
  2 komodo dragons
  A tyrant leech (Lair:3)
  A dream sheep (Lair:3)
  3 blink frogs
  2 wyverns (D:8)
  A fire elemental (Lair:1)
  2 yaks (Lair:3)
  A swamp worm (Lair:3)
  2 water moccasins (Lair:1)
  An ogre (D:4)
  A phantom (D:4)
  An adder (D:5)
  An orc (D:4)
  A goblin (D:2)
  2 hobgoblins
  A jackal (D:3)
  A ball python (D:4)
  A kobold (D:5)
  A rat (Lair:5)
35 creatures vanquished.

Vanquished Creatures (others)
  A cane toad (Lair:1)
  A hydra zombie (Lair:3)
  A steam dragon (D:8)
  A skyshark zombie (Lair:5)
  A cane toad zombie (Lair:5)
  A komodo dragon zombie (D:8)
  A bullfrog (D:8)
  A wyvern zombie (Lair:1)
  An orc wizard (D:7)
9 creatures vanquished.

Grand Total: 359 creatures vanquished

Notes
Turn   | Place    | Note
-------+----------+-------------------------------------------
     0 | D:1      | PaiMei the Demonspawn Necromancer began the quest for the
                  | Orb.
     0 | D:1      | Reached XP level 1. HP: 13/13 MP: 3/3
   294 | D:1      | Discovered your monstrous ancestry.
   294 | D:1      | Gained mutation: You have a pair of small horns on your
                  | head. [demonic ancestry]
   294 | D:1      | Reached XP level 2. HP: 19/19 MP: 0/5
  1267 | D:1      | Found Jowuy's Armour Shop.
  1335 | D:2      | Reached XP level 3. HP: 25/25 MP: 3/6
  1440 | D:2      | Found Udot's Weapon Boutique.
  1679 | D:2      | Reached skill level 1 in Fighting
  1774 | D:2      | Noticed Robin
  2444 | D:2      | Found a runed translucent door.
  2445 | D:2      | Noticed Crazy Yiuf
  2648 | D:2      | Killed Crazy Yiuf
  2649 | D:2      | Reached skill level 5 in Necromancy
  2649 | D:2      | Reached XP level 4. HP: 10/32 MP: 2/8
  2819 | D:2      | Killed Robin
  2925 | D:3      | Found a broken altar of Ashenzari.
  2925 | D:3      | Found a stormy altar of Qazlal.
  2945 | D:3      | Gained mutation: You have sharp fingernails. [demonic
                  | ancestry]
  2945 | D:3      | Reached XP level 5. HP: 21/38 MP: 6/9
  3197 | D:3      | Learned a level 3 spell: Vampiric Draining
  3202 | D:3      | Learned a level 4 spell: Animate Dead
  4330 | D:4      | Noticed an ogre
  4343 | D:4      | Killed an ogre
  4344 | D:4      | Reached XP level 6. HP: 17/46 MP: 3/11
  4545 | D:4      | Noticed Grinder
  4546 | D:4      | You fall into a shaft and drop 3 floors!
  4940 | D:7      | Noticed a steam dragon
  4945 | D:7      | Killed a steam dragon
  4946 | D:7      | Reached skill level 6 in Necromancy
  4946 | D:7      | Reached XP level 7. HP: 43/52 MP: 1/12
  5041 | D:6      | Found Byamiz Bolo's Weapon Emporium.
  5216 | D:6      | Noticed a two-headed ogre
  5230 | D:6      | Killed a two-headed ogre
  5231 | D:6      | Reached skill level 7 in Necromancy
  5231 | D:6      | Gained mutation: A weak demonic guardian rushes to your
                  | aid. [demonic ancestry]
  5231 | D:6      | Reached XP level 8. HP: 10/61 MP: 3/15
  5753 | D:5      | Entered Level 5 of the Dungeon
  5828 | D:4      | Paralysed by Grinder for 4 turns
  5843 | D:4      | Killed Grinder
  5844 | D:4      | Reached skill level 5 in Fighting
  5844 | D:4      | Reached skill level 5 in Dodging
  5844 | D:4      | Reached skill level 5 in Spellcasting
  5934 | D:4      | Found a staircase to the Ecumenical Temple.
  5961 | Temple   | Entered the Ecumenical Temple
  5969 | Temple   | Became a worshipper of Kikubaaqudgha
  6571 | D:4      | Noticed Ijyb
  6581 | D:4      | Killed Ijyb
  7127 | D:5      | Found a bloodstained altar of Trog.
  7717 | D:5      | Reached * piety under Kikubaaqudgha
  7717 | D:5      | Received a gift from Kikubaaqudgha
  7975 | D:5      | Reached XP level 9. HP: 54/68 MP: 14/17
  8459 | D:5      | Reached skill level 8 in Necromancy
  8460 | D:5      | Reached ** piety under Kikubaaqudgha
 10578 | D:8      | Noticed a two-headed ogre
 10871 | D:8      | Noticed a komodo dragon
 10883 | D:8      | Killed a komodo dragon
 10884 | D:8      | Reached skill level 9 in Necromancy
 10983 | D:8      | Noticed a komodo dragon
 10991 | D:8      | Killed a komodo dragon
 10992 | D:8      | Gained mutation: A demonic guardian rushes to your aid.
                  | [demonic ancestry]
 10992 | D:8      | Reached XP level 10. HP: 58/79 MP: 5/20
 11029 | D:8      | Found a staircase to the Lair.
 12122 | D:9      | Noticed a centaur warrior
 12135 | D:9      | HP: 4/80 [centaur warrior (6)]
 12137 | D:9      | Killed a centaur warrior
 12476 | D:9      | Noticed a red ugly thing
 12641 | D:9      | Noticed a cyclops
 12647 | D:9      | Killed a cyclops
 12648 | D:9      | Reached skill level 10 in Necromancy
 12675 | D:9      | Learned a level 5 spell: Curse of Agony
 12876 | Lair:1   | Entered Level 1 of the Lair of Beasts
 13082 | Lair:1   | Noticed a cane toad
 13092 | Lair:1   | Killed a cane toad
 13096 | Lair:1   | Gained mutation: You have large cloven feet. [demonic
                  | ancestry]
 13096 | Lair:1   | Reached XP level 11. HP: 52/87 MP: 10/23
 13256 | Lair:1   | Reached *** piety under Kikubaaqudgha
 13256 | Lair:1   | Received a gift from Kikubaaqudgha
 14860 | Lair:2   | Noticed a boulder beetle
 15230 | Lair:1   | Killed a boulder beetle
 15231 | Lair:1   | Reached skill level 11 in Necromancy
 15637 | Lair:2   | Noticed a death yak
 15776 | Lair:2   | Noticed a death yak
 15776 | Lair:2   | Noticed a death yak
 15838 | Lair:2   | Killed a death yak
 15845 | Lair:2   | Killed a death yak
 16202 | Lair:2   | Killed a death yak
 16853 | Lair:2   | Gained mutation: You have very sharp fingernails. [demonic
                  | ancestry]
 16853 | Lair:2   | Reached XP level 12. HP: 81/97 MP: 4/25
 17287 | Lair:3   | Reached skill level 10 in Fighting
 17312 | Lair:3   | Noticed an eight-headed hydra
 17815 | Lair:3   | Found a radiant altar of Vehumet.
 17998 | Lair:3   | Found a staircase to the Snake Pit.
 18197 | Lair:3   | Reached skill level 12 in Necromancy
 18579 | Lair:3   | Killed a seven-headed hydra
 18815 | Lair:3   | Reached **** piety under Kikubaaqudgha
 18818 | Lair:3   | Reached skill level 10 in Dodging
 18818 | Lair:3   | Reached skill level 10 in Spellcasting
 18895 | Lair:3   | Noticed a seven-headed hydra
 18901 | Lair:3   | Killed a six-headed hydra
 19166 | Lair:3   | Noticed a five-headed hydra
 19173 | Lair:3   | Killed a five-headed hydra
 19278 | Lair:3   | Found a staircase to the Swamp.
 19280 | Lair:3   | Noticed a six-headed hydra
 19291 | Lair:3   | Killed a five-headed hydra
 20215 | Lair:4   | Reached skill level 1 in Shields
 20688 | Lair:4   | Learned a level 4 spell: Anguish
 20693 | Lair:4   | Learned a level 4 spell: Martyr's Knell
 20712 | Lair:5   | Entered Level 5 of the Lair of Beasts
 20990 | Lair:5   | Noticed a seven-headed hydra
 20991 | Lair:5   | Noticed a six-headed hydra
 21015 | Lair:5   | Reached skill level 13 in Necromancy
 21015 | Lair:5   | Gained mutation: Your demonic aura sometimes causes spilled
                  | blood to erupt in flames. [demonic ancestry]
 21015 | Lair:5   | Reached XP level 13. HP: 90/106 MP: 17/27
 21230 | Lair:5   | Found a gate leading to a gauntlet.
 21239 | Gauntlet | Entered a Gauntlet
 21239 | Gauntlet | Found a transporter.
 21270 | Gauntlet | Found a transporter.
 21283 | Gauntlet | Found a transporter.
 21288 | Gauntlet | Found a transporter.
 21303 | Gauntlet | Found a transporter.
 21322 | Gauntlet | Found a transporter.
 21334 | Gauntlet | Found a transporter.
 21346 | Gauntlet | Found a transporter.
 21358 | Gauntlet | Found a transporter.
 21364 | Gauntlet | Found a transporter.
 21364 | Gauntlet | Found a transporter.
 21376 | Gauntlet | Found a transporter.
 21398 | Gauntlet | Found a transporter.
 21415 | Gauntlet | Found a transporter.
 21442 | Gauntlet | Found a transporter.
 21442 | Gauntlet | Found a transporter.
 21462 | Gauntlet | Found a transporter.
 21540 | Gauntlet | Found a transporter.
 22003 | Gauntlet | Identified the staff of Riluse {rPois Conj}
 22242 | Gauntlet | Identified the +5 halberd of Suyces {elec, rElec}
 22242 | Gauntlet | Noticed a minotaur
 22266 | Gauntlet | Gained mutation: You are weak. (Str -2) [potion of
                  | mutation]
 22266 | Gauntlet | Gained mutation: You are partially covered in iridescent
                  | scales. (AC +2) [potion of mutation]
 22266 | Gauntlet | Gained mutation: Potions are less effective at restoring
                  | your health. [potion of mutation]
 22270 | Gauntlet | Mangled by a minotaur

Illustrated notes

Levels and vault maps discovered:
D:1:      dpeg_arrival_refuge, layout_basic, serial_shops, shop
D:2:      layout_loops_cross, serial_shops, shop, uniq_robin,
          uniq_crazy_yiuf_cottage
D:3:      layout_loops_corners, nicolae_overflow_squiral,
          kennysheep_minor_cross, nrook_mini_vaults, roderic_serpentine_path
D:4:      layout_loops_ring, minmay_temple_entry_slanted,
          hangedman_decor_clover_reticule, minmay_hedge_maze,
          minmay_manual_moon, uniq_ijyb, uniq_grinder
D:5:      minmay_goblin_kobold_castle, layout_basic,
          nicolae_overflow_hidden_temple
D:6:      layout_loops_ring, serial_co_window_serial,
          co_window_of_opportunity_a, co_window_paths_a,
          co_window_of_opportunity_a, co_window_paths_a, co_window_paths_a,
          co_window_corner_a, co_window_corner_a, co_window_broadway_c,
          co_window_2corner, co_window_broadway_a, co_window_unsneaky_path_a,
          co_window_corner_b, co_window_of_opportunity_b, co_window_paths_c,
          glass_columns_a, glass_columns_b, serial_shops,
          nicolae_shop_scrapyard, minmay_mini_ossuary
D:7:      layout_gridville
D:8:      layout_loops_ring, erik_lair_dragon, minmay_chambers_of_fives
D:9:      minmay_cut_squares, layout_long_grid, mainiacjoe_overflow_brackets,
          uniq_joseph
Temple:   nicolae_temple_two_arcs
Lair:1:   layout_gridlike
Lair:2:   layout_cave_pods, evilmike_ambush [evilmike_ambush_outer_corners,
          evilmike_ambush_inner_wall_2], grunt_megastairs_4, lemuel_fruit_tree
Lair:3:   layout_chaotic_city, palyth_hydra_swamp_entry,
          alex1729_snake_entry_snake, basic_altar, serial_bayou_shore_a
Lair:4:   layout_roguey
Lair:5:   evil_forest, layout_long_grid, dpeg_slime_entry_enclosed,
          gauntlet_entry_generic, kennysheep_abandoned_house,
          serial_bayou_shore_b
Gauntlet: gammafunk_gauntlet_one_two_three [nicolae_gauntlet_arena_blocks,
          gammafunk_gauntlet_arena_split_diamond,
          gammafunk_gauntlet_arena_arrow_garden,
          gammafunk_gauntlet_arena_spirals, nicolae_gauntlet_arena_flowing_pool,
          nicolae_gauntlet_arena_t_cross, nicolae_gauntlet_arena_grate_2,
          gammafunk_gauntlet_arena_open, gammafunk_gauntlet_arena_hedges,
          dreamdust_gauntlet_exit_labyrinth]

Skill      XL: |  1  2  3  4  5  6  7  8  9 10 11 12 |
---------------+-------------------------------------+-----
Stealth        | 2 |  2.0
Dodging        | 2 3 4 5 6 8 9 10 | 10.2
Fighting       | 1 2 3 4 5 7 8 9 11 | 11.3
Necromancy     | 5 6 7 9 10 11 13 | 13.1
Spellcasting   | 3 4 5 6 8 9 10 | 10.7
Shields        | 2 |  2.6

Action                     |  1- 3 |  4- 6 |  7- 9 | 10-12 | 13-15 || total
---------------------------+-------+-------+-------+-------+-------++-------
  Melee: Dagger            |     8 |    83 |   158 |    30 |       ||   279
         Quarterstaff      |       |     3 |       |       |       ||     3
         Headbutt          |       |    12 |    30 |    43 |    13 ||    98
         Unarmed           |       |       |     2 |       |       ||     2
         Scimitar          |       |       |       |   118 |    41 ||   159
         Punch             |       |       |       |     2 |     1 ||     3
  Throw: Throwing net      |       |       |       |     1 |       ||     1
   Cast: Necrotise         |    90 |    28 |   114 |    81 |     1 ||   314
         Vampiric Draining |       |    12 |    86 |   252 |     8 ||   358
         Animate Dead      |       |       |     1 |     9 |       ||    10
         Curse of Agony    |       |       |       |    12 |     6 ||    18
    Use: Scroll            |       |       |       |     6 |     2 ||     8
         Potion            |       |       |       |       |     5 ||     5
   Stab: Sleeping          |       |     1 |       |       |       ||     1
         Distracted        |       |       |     1 |     2 |       ||     3
 Armour: Robe              |    13 |    62 |   130 |       |       ||   205
         Leather armour    |       |       |    87 |   453 |    75 ||   615
         Skin              |       |       |       |       |     4 ||     4
  Dodge: Dodged            |    11 |    74 |   237 |   389 |    94 ||   805
